 Dungeon Crawl Stone Soup version 0.32-a0-656-g3542139ebd (webtiles) character file.

Game seed: 15894821643829639502

5 runemasterragnar the Charlatan (level 1, -2/15 HPs)
             Began as a Coglin Artificer on Mar 9, 2024.
             Slain by a quokka (4 damage)
             ... on level 1 of the Dungeon.
             The game lasted 00:00:16 (46 turns).

runemasterragnar the Charlatan (Coglin Artificer)     Turns: 46, Time: 00:00:16

Health: -2/15      AC:  3    Str: 12    XL:     1   Next: 80%
Magic:  1/1        EV: 11    Int: 10    God:
Gold:   12         SH:  0    Dex: 14    Spells: 0/0 levels left

rFire   . . .        a - +0 club {Kiko}
rCold   . . .        f - +0 dagger {Rupprecht}
rNeg    . . .        b - +0 leather armour
rPois   .            (no helmet)
rElec   .            (no cloak)
rCorr   .            (no gloves)
SInv    .            (no boots)
Will    .....        (amulet unavailable)
Stlth   +            (ring unavailable)
HPRegen 0.22/turn    (ring unavailable)
MPRegen 0.07/turn    (no gizmo)

%: no passive effects
@: revved
A: off-hand wielding, slow wielding, warmup strikes, no jewellery
a: Invent Gizmo


You were on level 1 of the Dungeon.
You visited 1 branch of the dungeon, and saw 1 of its levels.

You collected 12 gold pieces.

Inventory:

Hand Weapons
 a - a +0 club (weapon) {Kiko}
 f - a +0 dagger (offhand) {Rupprecht}
Armour
 b - a +0 leather armour (worn)
Wands
 c - a wand of flame (15) (quivered)
 d - a wand of charming (15)
 e - a wand of iceblast (5)


   Skills:
 * Level 1.3 Fighting
 * Level 2.0 Armour
 - Level 0.8 Dodging
 - Level 0.7 Stealth
 + Level 4.1 Evocations


You couldn't memorise any spells.
You didn't know any spells.
Your spell library was empty.

Dungeon Overview and Level Annotations

Branches:
Dungeon (1/15)

Altars:


Innate Abilities, Weirdness & Mutations

You can wield a second weapon in your off-hand.
It takes a long time for you to wield or remove held weapons.
Your first few attacks do less damage.
You cannot equip rings or amulets.


Message History

You are too injured to fight recklessly!
You are too injured to fight recklessly!
Unknown command.
You hit the goblin with your +0 dagger.
You kill the goblin!
You hit the kobold with your +0 dagger.
The kobold is heavily wounded.
You closely miss the kobold with your +0 club.
The kobold hits you with a +0 dagger. x2
You hit the kobold but do no damage.
The kobold is heavily wounded.
You barely miss the kobold with your +0 club.
The kobold closely misses you.
You hit the kobold with your +0 dagger.
The kobold is severely wounded.
You hit the kobold with your +0 club.
You kill the kobold!
You hit the goblin with your +0 club.
You kill the goblin!
Your Armour skill increases to level 2!
Unknown command.
You hit the quokka but do no damage. You hit the quokka with your +0 club.
You closely miss the quokka with your +0 club.
You hit the quokka with your +0 dagger. The quokka bites you.
The quokka closely misses you.
You hit the quokka but do no damage.
The quokka is moderately wounded.
You hit the quokka with your +0 club.
The quokka twitches its whiskers.
The quokka bites you.
* * * LOW HITPOINT WARNING * * *
The quokka bites you.
* * * LOW HITPOINT WARNING * * *
The quokka bites you but does no damage.
The quokka barely misses you.
You closely miss the quokka with your +0 club.
The quokka is severely wounded.
You completely miss the quokka with your +0 dagger.
The quokka bites you.
You die...

###♣♣♣~P.
####rr......
#?.)@#
#.#### #.#
#.# #.# ##.#
#..## #...#
##.#...#


You could see 2 quokkas.

Vanquished Creatures
  3 goblins (D:1)
  A kobold (D:1)
4 creatures vanquished.

Notes
Turn   | Place    | Note
-------+----------+-------------------------------------------
     0 | D:1      | runemasterragnar the Coglin Artificer began the quest for
                  | the Orb.
     0 | D:1      | Reached XP level 1. HP: 15/15 MP: 1/1
    46 | D:1      | Slain by a quokka

Illustrated notes

Levels and vault maps discovered:
D:1:      dpeg_arrival_simpleton_b, layout_rooms, serial_shops, shop,
          nicolae_diamond_shop, serial_bayou_ford_a, minivault_26

Skill      XL: |  1 |
---------------+----+-----
Armour         | 2 |  2.0
Fighting       | |  1.3
Dodging        | |  0.8
Stealth        | |  0.7
Evocations     | |  4.1

Action                     || total
---------------------------++-------
  Melee: Club              ||    14
         Dagger            ||    13
 Armour: Leather armour    ||    11
  Dodge: Dodged            ||     4

Table legend: (Time is in decaauts)
 A = Elapsed time spent in this place.
 B = Non-inter-level travel time spent in this place.
 C = Inter-level travel time spent in this place.
 D = Time resting spent in this place.
 E = Time spent auto-exploring this place.
 F = Levels seen in this place.
 G = Mean time per level.
                   A        B        C        D        E       F      G
               +--------+--------+--------+--------+--------+-----+--------+
         Total |     47 |     47 |      0 |      0 |     28 |   1 |   47.0 |
       Dungeon |     47 |     47 |      0 |      0 |     28 |   1 |   47.0 |
               +--------+--------+--------+--------+--------+-----+--------+

Top non-repeatable levels by time:
     D:1: 47 daAuts
